 Dungeon Sprint DCSS version 0.20-a0-1050-g57248f3 (webtiles) character file.

224 lordofpotatos the Gusty (level 5, -3/38 HPs)
             Began as a Draconian Air Elementalist on Apr 25, 2017.
             Was a Believer of Sif Muna.
             Killed from afar by a rime drake (22 damage)
             ... with a flash freeze
             ... in the Dungeon (Sprint V: "Ziggurat Sprint").
             The game lasted 00:03:41 (165 turns).

lordofpotatos the Gusty (Draconian Air Elementalist) Turns: 165, Time: 00:03:41

Health: -3/38      AC:  5    Str: 10    XL:     5   Next: 67%
Magic:  0/18       EV: 14    Int: 39    God:    Sif Muna [**....]
Gold:   0          SH:  0    Dex: 12    Spells: 13/14 levels left

rFire    . . .     SeeInvis .   x - +6 Majin-Bo {vamp, Archmagi MP+6 Int+6}
rCold    . . .     Gourm    .   (shield currently unavailable)
rNeg     . . .     Faith    .   (armour unavailable)
rPois    .         Spirit   .   (helmet restricted)
rElec    .         Reflect  .   (no cloak)
rCorr    .         Harm     .   (no gloves)
MR       .....     NoTele   +   (no boots)
Stlth    +++.......             (no amulet)
Regen    0.2/turn               z - +6 ring of intelligence
MPRegen  0.2/turn               A - +6 ring of intelligence

@: brilliant, very slightly contaminated, invisible, divine energy
A: unfitting armour, cold-blooded, AC +5
a: Stop Divine Energy, Renounce Religion


You were in the Dungeon.
You worshipped Sif Muna.
Sif Muna was pleased with you.
You were not hungry.

You visited 1 branch

Inventory:

Hand Weapons
 x - the +6 Majin-Bo (weapon) {vamp, Archmagi MP+6 Int+6}
   (You found it in the Dungeon)

   It inflicts no extra harm, but heals its wielder when it wounds a living foe.
   It affects your intelligence (+6).
   It affects your magic capacity (+6).
Jewellery
 z - a +6 ring of intelligence (left hand)
 A - a +6 ring of intelligence (right hand)
Scrolls
 h - 4 scrolls of blinking
 o - 4 scrolls of amnesia
 p - 3 scrolls of recharging
 q - 7 scrolls of fog
 r - a scroll of holy word
 s - 5 scrolls of identify
 t - 5 scrolls of remove curse
 u - 2 scrolls of fear
Potions
 c - 10 potions of curing
 d - 10 potions of heal wounds
 e - 6 potions of haste
 f - 7 potions of magic
 g - 3 potions of berserk rage
 i - a potion of brilliance
 j - a potion of invisibility
 k - 4 potions of resistance
 m - 5 potions of agility
 n - 5 potions of might
Books
 a - a book of Air

   Spells                             Type                      Level
   a - Shock                          Conjuration/Air              1
   b - Swiftness                      Charms/Air                   2
   c - Static Discharge               Conjuration/Air              3
   d - Airstrike                      Air                          4
   e - Lightning Bolt                 Conjuration/Air              5
Comestibles
 b - 5 bread rations
 v - 42 fruits
 w - 3 meat rations


   Skills:
 + Level 5.3 Dodging
 + Level 5.8 Stealth
 + Level 5.4 Spellcasting
 + Level 5.5 Conjurations
 + Level 6.3 Air Magic


You had 13 spell levels left.
You knew the following spells:

 Your Spells              Type           Power        Failure   Level  Hunger
a - Shock                 Conj/Air       ####         1%          1    None


Dungeon Overview and Level Annotations

Branches:
Dungeon (1/1)

Altars:
Ashenzari
Cheibriados
Dithmenos
Elyvilon
Fedhas
Gozag
Hepliaklqana
Kikubaaqudgha
Makhleb
Nemelex Xobeh
Okawaru
Qazlal
Ru
Sif Muna
Trog
Uskayaw
Vehumet
Wu Jian
Xom
Yredelemnul
Zin
The Shining One
Beogh
Jiyva
Lugonu

Annotations:
D 1 transporter


Innate Abilities, Weirdness & Mutations

Your plain brown scales are hard. (AC +5)
You cannot fit into any form of body armour.
You are cold-blooded and may be slowed by cold attacks.


Message History

You feel a surge of power!
The zap hits the rime drake.
The rime drake is severely wounded.
Sif Muna grants you divine energy.
You briefly lose access to your magic!
The rime drake hisses angrily.
You hit the rime drake but do no damage.
The rime drake is severely wounded.
You regain access to your magic.
The rime drake barely misses you.
Casting: Shock
Confirm with . or Enter, or press ? or * to list all spells.
Aiming: Shock
Press: ? - help, Shift-Dir - straight line, f/p - rime drake
Aim: a rime drake (severely wounded)
You feel a surge of power!
The zap hits the rime drake.
The rime drake is almost dead.
The rime drake breathes ice at you. The flash freeze hits you!
Ouch! That really hurt!
You die...

▓▓▓▓▓▓▓▓▓▓▓▓▓
▓.8©8.▓.8©8.▓
▓†}||.▓.....▓
▓.....▓.).[.▓
▓.....▓.....▓
▓.....▓..†..▓
▓...k.▓.....▓
▓....@▓▓▓▓▓▓▓
▓▓▓▓▓▓▓


You could see a rime drake.

Vanquished Creatures
  2 swamp drakes (D)
  An iguana (D)
  A jackal (D)
4 creatures vanquished.

Notes
Turn   | Place    | Note
-------+----------+-------------------------------------------
     0 | D        | lordofpotatos the Draconian Air Elementalist began the quest for the Orb.
     0 | D        | Reached XP level 1. HP: 14/14 MP: 3/3
     0 | D        | Found a deep blue altar of Sif Muna.
     0 | D        | Found a bloodstained altar of Trog.
     0 | D        | Found a sacrificial altar of Ru.
     0 | D        | Found a stormy altar of Qazlal.
     0 | D        | Found an iron altar of Okawaru.
     1 | D        | Found a sparkling altar of Nemelex Xobeh.
     1 | D        | Found a blossoming altar of Fedhas.
     3 | D        | Found an ancient bone altar of Kikubaaqudgha.
     3 | D        | Found a viscous altar of Jiyva.
     3 | D        | Found a corrupted altar of Lugonu.
     3 | D        | Found a hazy altar of Hepliaklqana.
     3 | D        | Found a burning altar of Makhleb.
     3 | D        | Found an opulent altar of Gozag.
    69 | D        | Became a worshipper of Sif Muna the Loreminder
    86 | D        | Reached skill level 4 in Air Magic
    86 | D        | Reached XP level 2. HP: 20/20 MP: 6/6
    87 | D        | Entered arena 2.
    91 | D        | Reached * piety under Sif Muna
    91 | D        | Reached XP level 3. HP: 24/26 MP: 7/8
   142 | D        | Entered arena 3.
   142 | D        | Noticed a rime drake
   142 | D        | Noticed a swamp drake
   142 | D        | Noticed a swamp drake
   151 | D        | Killed a swamp drake
   151 | D        | Reached ** piety under Sif Muna
   151 | D        | Reached skill level 5 in Stealth
   151 | D        | Reached skill level 5 in Air Magic
   151 | D        | Reached XP level 4. HP: 27/33 MP: 7/10
   159 | D        | Killed a swamp drake
   159 | D        | Reached skill level 5 in Dodging
   159 | D        | Reached skill level 5 in Spellcasting
   159 | D        | Reached skill level 5 in Conjurations
   159 | D        | Reached skill level 6 in Air Magic
   159 | D        | Reached XP level 5. HP: 22/38 MP: 1/12
   165 | D        | Killed from afar by a rime drake

Vault maps used:
D:        sprint_v

Skill      XL: |  1  2  3  4 |
---------------+-------------+-----
Dodging        | 3 4 5 |  5.3
Stealth        | 3 4 5 |  5.8
Spellcasting   | 3 4 5 |  5.4
Conjurations   | 3 4 5 |  5.5
Air Magic      | 4 5 6 |  6.3

Action                   |  1- 3 |  4- 6 || total
-------------------------+-------+-------++-------
Melee: Quarterstaff      |     2 |     1 ||     3
 Cast: Shock             |     9 |    12 ||    21
Invok: Divine Energy     |       |     1 ||     1
  Use: Potion            |     3 |       ||     3
  Eat: Meat ration       |     1 |       ||     1
Armor: Skin              |     2 |       ||     2
Dodge: Dodged            |     3 |     1 ||     4
